 Dungeon Crawl Stone Soup version 0.31-a0-246-g8cbcc1cb85 (webtiles) character file.

Game seed: 9783642613622330918

35881 Iniera the Grappler (level 13, 0/131 HPs)
             Began as a Troll Artificer on July 12, 2023.
             Was a High Priest of Qazlal.
             Slain by a black mamba (8 damage)
             ... on level 3 of the Lair of Beasts.
             The game lasted 00:22:00 (12362 turns).

Iniera the Grappler (Troll Artificer)              Turns: 12362, Time: 00:22:01

Health: 0/131      AC:  9    Str: 31    XL:     13   Next: 50%
Magic:  20/20      EV:  9    Int:  7    God:    Qazlal [*****.]
Gold:   441        SH: 18    Dex: 16    Spells: 12/12 levels left

rFire   . .          .
                       - Unarmed
rCold   + + .        i - +0 kite shield
rNeg    + . .        x - +2 robe {rN+}
rPois   .            I - +3 hat of Xom, Leaping {Harm rC+ Str+4 Slay+3}
rElec   .            (no cloak)
rCorr   .            (gloves unavailable)
SInv    .            (boots unavailable)
Will    .....        y - amulet of faith
Stlth   +            h - +6 ring of dexterity
HPRegen 1.21/turn    B - ring of protection from cold
MPRegen 0.17/turn

%: harm (+30% outgoing, +20% incoming), repel missiles, faith
@: mighty
A: large, unfitting armour, claws 3, regeneration 1, shaggy fur 1, tough skin 1
a: Renounce Religion, Upheaval, Elemental Force, Disaster Area


You were on level 3 of the Lair of Beasts.
You worshipped Qazlal.
Qazlal was extremely pleased with you.
You visited 3 branches of the dungeon, and saw 14 of its levels.
You also visited: Volcano.

You collected 819 gold pieces.
You spent 378 gold pieces at shops.

Inventory:

Hand Weapons
 r - a +2 hand axe of flaming
 J - a +2 quick blade of flaming
Missiles
 q - 20 poisoned darts
 E - a throwing net
Armour
 i - a +0 kite shield (worn)
 x - a +2 robe of positive energy (worn)
 I - the +3 hat of Xom, Leaping (worn) {Harm rC+ Str+4 Slay+3}
   (You found it in a volcano)

   Str:       It affects your strength (+4).
   Slay:      It affects your accuracy & damage with ranged weapons and melee
   (+3).
   rC:        It protects you from cold.
   Harm:      It increases damage dealt and taken.
Jewellery
 h - a +6 ring of dexterity (left claw)
 y - an amulet of faith (around neck)
 B - a ring of protection from cold (right claw)
 H - a ring of protection from cold
Wands
 c - a wand of flame (33) (quivered)
 d - a wand of charming (13)
 e - a wand of iceblast (5)
 k - a wand of light (17)
 t - a wand of paralysis (14)
 u - a wand of digging (5)
 C - a wand of roots (3)
 K - a wand of polymorph (8)
Scrolls
 a - 4 scrolls of teleportation
 b - 3 scrolls of enchant armour
 s - a scroll of poison
 v - 2 scrolls of fog
 A - 2 scrolls of fear
 F - a scroll of identify
Potions
 f - 5 potions of mutation
 g - 2 potions of attraction
 j - 4 potions of might
 l - 2 potions of haste
 m - 4 potions of enlightenment
 n - 6 potions of curing
 o - 2 potions of brilliance
 p - a potion of cancellation
 w - a potion of lignification
 z - a potion of ambrosia
 D - a potion of invisibility
 G - a potion of resistance


   Skills:
 * Level 9.3 Fighting
 - Level 1.9 Dodging
 - Level 0.3 Stealth
 + Level 9.6 Shields
 + Level 13.2 Unarmed Combat
 * Level 11.5 Invocations
 - Level 2.1 Evocations


You had 12 spell levels left.
You didn't know any spells.
Your spell library contained the following spells:

 Spells                   Type           Power      Damage    Failure   Level
 Sandblast                Erth           0%         2d4       58%         1
 Passwall                 Tmut/Erth      0%         N/A       73%         2
 Dazzling Flash           Conj/Hex       0%         N/A       91%         3
 Inner Flame              Hex/Fire       0%         N/A       91%         3
 Portal Projectile        Hex/Tloc       0%         N/A       91%         3
 Stone Arrow              Conj/Erth      0%         3d7       91%         3
 Tukima's Dance           Hex            0%         N/A       91%         3
 Vhi's Electric Charge    Tloc/Air       0%         N/A       91%         3
 Volatile Blastmotes      Fire/Tloc      0%         2d10      91%         3
 Fulminant Prism          Conj/Hex       0%         3d5       100%        4
 Iskenderun's Mystic Bla  Conj/Tloc      0%         2d3       100%        4
 Agony                    Necr           0%         N/A       100%        5
 Arcjolt                  Conj/Air       0%         1d10      100%        5
 Fireball                 Conj/Fire      0%         3d3       100%        5
 Iskenderun's Battlesphe  Conj           0%         2d6       100%        5
 Lee's Rapid Deconstruct  Erth           0%         3d4*      100%        5
 Silence                  Hex/Air        0%         N/A       100%        5
 Yara's Violent Unravell  Hex/Tmut       0%         3d3       100%        5
 Conjure Ball Lightning   Conj/Air       0%         3x3d6     100%        6
 Plasma Beam              Fire/Air       0%         2x1d10    100%        6
 Enfeeble                 Hex            0%         N/A       100%        7
 Orb of Destruction       Conj           0%         9d5       100%        7
 Maxwell's Capacitive Co  Air            0%         ∞         100%        8


Dungeon Overview and Level Annotations

Branches:
Dungeon (10/15)            Temple (1/1) D:5            Lair (3/5) D:10
  Swamp (0/4) Lair:2      Volcano (visited)
  Snake: Lair:2-3    Spider: Lair:2-3       Orc: D:9-12

Altars:
Ashenzari
Cheibriados
Dithmenos
Elyvilon
Fedhas
Gozag
Hepliaklqana
Kikubaaqudgha
Makhleb
Nemelex Xobeh
Okawaru
Qazlal
Ru
Sif Muna
Trog
Uskayaw
Vehumet
Wu Jian
Xom
Yredelemnul
Zin
The Shining One

Shops:
D:3 *   D:6 !   D:7 !   D:8 (

Portals:
Trove: D:10 (give 4 potions of resistance)

Annotations:
D:4 3 runed translucent doors, LeprechaunX's ghost, amateur OpTm; Zonian's ghost, amateur DEHu; arthad's ghost, amateur GnWn; niangp's ghost, amateur DrBe; olmar's ghost, weakling GnWr
D:6 exclusion: oklob plant
Lair:1 2 transporters, salammoniac's ghost, journeyman TrSh
Lair:3 Gastronok


Innate Abilities, Weirdness & Mutations

You are too large for most types of armour.
You have claws for hands.
Your natural rate of healing is unusually fast.
You are covered in fur. (AC +1)
You have tough skin. (AC +1)


Message History

You feel sick.
The black mamba bites you but does no damage.
You block the black mamba's attack. The black mamba bites you.
The black mamba bites you!
You are more poisoned.
The black mamba poisons you!
You feel very sick. You block the black mamba's attack. x2
You closely miss the black mamba.
You feel sick. You block the black mamba's attack. The black mamba bites you!
You block the black mamba's attack. x2
Gastronok waves his eye-stalks in wide circles.
The air twists around and strikes you!!
* * * LOW HITPOINT WARNING * * *
You scratch the black mamba but do no damage.
You feel very sick.
The black mamba bites you but does no damage.
You block the black mamba's attack.
A cane toad comes into view.
You feel better. You block the black mamba's attack. x2
The black mamba barely misses you. The black mamba bites you!
* * * LOW HITPOINT WARNING * * *
You mangle the black mamba!!
The black mamba is almost dead.
You block the black mamba's attack. The black mamba barely misses you.
You feel very mighty all of a sudden.
You block the black mamba's attack. x2; The black mamba barely misses you.
The black mamba bites you but does no damage.
You barely miss the black mamba.
The black mamba is almost dead.
The black mamba bites you.
* * * LOW HITPOINT WARNING * * *
You block the black mamba's attack. The black mamba bites you!
* * * LOW HITPOINT WARNING * * *
The black mamba bites you!
* * * LOW HITPOINT WARNING * * *
Okay, then.
As you read the scroll of fog, it dissolves into smoke.
The black mamba bites you!
You die...

................
...P.........#..
..#............
#.............
##.F........#
#.§☼w......##
#.SS○°......#
#○°@§§......#
#§§§§°......#
#☼°.§§......##
#.............
#..........###
#####..........#
####..............###
#####P#.#................
....#...#....†#..........


You could see Gastronok (swift), 2 black mambas and a cane toad.

Vanquished Creatures
  A red draconian (Volcano)
  An ice dragon (D:9)
  A catoblepas (Lair:1)
  2 two-headed ogres
  A skyshark (Lair:2)
  6 skeletal warriors
  A salamander mystic (Volcano)
  Pikel (D:5)
  7 cyclopes
  3 salamanders (Volcano)
  5 elephants
  A torpor snail (Lair:2)
  2 black mambas
  4 molten gargoyles (Volcano)
  2 gargoyles (Volcano)
  8 komodo dragons
  4 cane toads
  A rime drake (Lair:2)
  A troll (D:10)
  A tyrant leech (Lair:2)
  A polar bear (shapeshifter) (D:9)
  Grinder (D:6)
  A polar bear (Lair:1)
  Prince Ribbit (D:7)
  5 blink frogs (Lair:2)
  5 dream sheep (Lair:1)
  Sigmund (D:5)
  2 shadows
  4 wyverns
  29 yaks
  A steam dragon (D:9)
  2 basilisks
  Duvessa (D:6)
  16 water moccasins
  2 sky beasts
  3 black bears
  4 orc warriors
  5 wolves (Lair:2)
  2 ogres (D:4)
  5 centaurs
  A lemure (D:5)
  4 kobold brigands
  8 bullfrogs
  3 gnoll sergeants
  5 scorpions
  Dowan (D:6)
  4 wights (D:10)
  13 killer bees
  2 howler monkeys (D:10)
  4 crimson imps (D:7)
  5 orc priests
  6 hounds
  11 jellies
  A sleepcap (D:8)
  Natasha (thrice) (D:3)
  3 iguanas
  14 orc wizards
  13 gnolls
  Robin (D:2)
  6 adders
  A white imp (D:5)
  2 dart slugs (D:1)
  30 orcs
  14 endoplasms
  A giant cockroach (D:3)
  15 hobgoblins
  6 jackals (D:1)
  8 quokkas
  11 ball pythons
  6 bats
  5 frilled lizards
  12 goblins
  27 kobolds
  3 rats
393 creatures vanquished.

Vanquished Creatures (collateral kills)
  An elephant (Lair:2)
  A yak (Lair:2)
  A goblin (D:1)
3 creatures vanquished.

Grand Total: 396 creatures vanquished

Notes
Turn   | Place    | Note
-------+----------+-------------------------------------------
     0 | D:1      | Iniera the Troll Artificer began the quest for the Orb.
     0 | D:1      | Reached XP level 1. HP: 18/18 MP: 0/0
   147 | D:1      | Reached skill level 1 in Fighting
   148 | D:1      | Reached skill level 1 in Unarmed Combat
   177 | D:1      | Reached XP level 2. HP: 27/27 MP: 1/1
   365 | D:1      | Reached skill level 2 in Unarmed Combat
   646 | D:1      | Reached XP level 3. HP: 33/33 MP: 2/2
  1020 | D:2      | Noticed Robin
  1107 | D:2      | Killed Robin
  1108 | D:2      | Reached skill level 3 in Unarmed Combat
  1108 | D:2      | Reached XP level 4. HP: 30/42 MP: 3/3
  1943 | D:3      | Reached XP level 5. HP: 49/49 MP: 4/4
  2037 | D:3      | Noticed Natasha
  2043 | D:3      | Killed Natasha
  2044 | D:3      | Reached skill level 4 in Unarmed Combat
  2081 | D:3      | Found Pyxt's Assorted Antiques.
  2101 | D:3      | Bought a bubbling brown potion for 19 gold pieces
  2101 | D:3      | Bought a fuming orange potion for 19 gold pieces
  2101 | D:3      | Bought a murky ruby potion for 19 gold pieces
  2101 | D:3      | Bought a scroll labelled AREZXESIUTZ for 22 gold pieces
  2101 | D:3      | Bought a scroll labelled AREZXESIUTZ for 22 gold pieces
  2101 | D:3      | Bought a scroll labelled ECENEQ GAUPSEM for 22 gold pieces
  2101 | D:3      | Bought a scroll labelled GISYIS HUOCWE for 22 gold pieces
  2169 | D:3      | Found an ornate altar of the Wu Jian Council.
  2174 | D:3      | Found an iron altar of Okawaru.
  2180 | D:3      | Noticed Natasha
  2182 | D:3      | Killed Natasha
  2242 | D:3      | Found a sparkling altar of Nemelex Xobeh.
  2242 | D:3      | Found a glowing golden altar of the Shining One.
  2251 | D:3      | Found a snail-covered altar of Cheibriados.
  2295 | D:3      | Noticed Natasha
  2311 | D:3      | Killed Natasha
  2760 | D:4      | Noticed an ogre
  2806 | D:4      | Reached XP level 6. HP: 48/59 MP: 5/5
  2812 | D:4      | Reached skill level 5 in Unarmed Combat
  3073 | D:4      | Found a runed translucent gate.
  3074 | D:4      | Found a runed translucent gate.
  3074 | D:4      | Found a runed translucent gate.
  3076 | D:4      | Noticed olmar's ghost (weakling GnWr)
  3076 | D:4      | Noticed niangp's ghost (amateur DrBe)
  3076 | D:4      | Noticed arthad's ghost (amateur GnWn)
  3076 | D:4      | Noticed LeprechaunX's ghost (amateur OpTm)
  3076 | D:4      | Noticed Zonian's ghost (amateur DEHu)
  3470 | D:5      | Entered Level 5 of the Dungeon
  3476 | D:5      | Reached XP level 7. HP: 67/67 MP: 6/6
  3493 | D:5      | Found a staircase to the Ecumenical Temple.
  3514 | D:5      | Reached skill level 6 in Unarmed Combat
  3553 | Temple   | Entered the Ecumenical Temple
  3702 | Temple   | Became a worshipper of Qazlal Stormbringer
  3960 | D:5      | Noticed Pikel
  3989 | D:5      | Killed Pikel
  3990 | D:5      | Reached skill level 7 in Unarmed Combat
  3990 | D:5      | Reached XP level 8. HP: 43/79 MP: 6/8
  4421 | D:6      | Noticed Sigmund
  4452 | D:5      | Reached skill level 8 in Unarmed Combat
  4534 | D:5      | Killed Sigmund
  4535 | D:5      | Reached skill level 5 in Fighting
  4617 | D:6      | Reached XP level 9. HP: 70/88 MP: 10/10
  4658 | D:6      | Reached * piety under Qazlal
  4665 | D:6      | Reached skill level 9 in Unarmed Combat
  4769 | D:6      | Found Ryhun's Distillery.
  4809 | D:6      | Bought a potion of might for 60 gold pieces
  4809 | D:6      | Bought a potion of berserk rage for 75 gold pieces
  4967 | D:6      | Noticed Grinder
  4983 | D:6      | Killed Grinder
  4992 | D:6      | Noticed an oklob plant
  5028 | D:6      | Reached ** piety under Qazlal
  5078 | D:6      | Noticed Duvessa
  5078 | D:6      | Noticed Dowan
  5086 | D:6      | Killed Duvessa
  5095 | D:6      | Killed Dowan
  5156 | D:6      | Reached skill level 10 in Unarmed Combat
  5367 | D:7      | Reached skill level 5 in Invocations
  5539 | D:7      | Noticed Prince Ribbit
  5547 | D:7      | Killed Prince Ribbit
  5626 | D:7      | Found a shimmering altar of Xom.
  5688 | D:7      | Reached XP level 10. HP: 98/98 MP: 13/13
  5935 | D:7      | Found Oliogoh's Distillery.
  5946 | D:7      | Bought a potion of degeneration for 14 gold pieces
  5947 | D:7      | Bought a potion of lignification for 42 gold pieces
  5947 | D:7      | Bought a potion of curing for 42 gold pieces
  6032 | D:7      | Reached *** piety under Qazlal
  6266 | D:8      | Reached skill level 11 in Unarmed Combat
  6281 | D:8      | Upgraded the game from 0.31-a0-237-g2d982f9f85 to
                  | 0.31-a0-246-g8cbcc1cb85
  6644 | D:8      | Reached skill level 1 in Shields
  6764 | D:8      | Found Torphenk's Hydra Hut.
  6765 | D:8      | Noticed an eight-headed hydra
  6915 | D:9      | Noticed a skeletal warrior
  6915 | D:9      | Noticed a skeletal warrior
  6915 | D:9      | Noticed a skeletal warrior
  6915 | D:9      | Noticed a skeletal warrior
  6915 | D:9      | Noticed a skeletal warrior
  6971 | D:9      | Noticed a two-headed ogre
  6976 | D:10     | Entered Level 10 of the Dungeon
  7041 | D:10     | Noticed an elephant
  7048 | D:10     | Killed an elephant
  7162 | D:9      | Noticed a skeletal warrior
  7171 | D:9      | Noticed an ice dragon
  7362 | D:8      | Reached XP level 11. HP: 42/109 MP: 15/15
  7449 | D:7      | Killed a skeletal warrior
  7543 | D:8      | Reached **** piety under Qazlal
  7570 | D:8      | HP: 4/109 [skeletal warrior/+0 long sword (22)]
  7571 | D:8      | Killed a skeletal warrior
  7688 | D:9      | Killed an ice dragon
  7693 | D:9      | Killed a skeletal warrior
  7698 | D:8      | Killed a two-headed ogre
  7804 | D:9      | Reached skill level 5 in Shields
  7820 | D:8      | Killed a skeletal warrior
  7889 | D:8      | Killed a skeletal warrior
  7917 | D:9      | Killed a skeletal warrior
  7918 | D:9      | Reached skill level 12 in Unarmed Combat
  8133 | D:9      | Noticed a two-headed ogre
  8143 | D:9      | Killed a two-headed ogre
  8854 | D:10     | Found a portal to a secret trove of treasure.
  8996 | D:10     | Found a staircase to the Lair.
  9371 | D:10     | Found a staircase to the Lair.
  9454 | D:10     | Found a portal to a secret trove of treasure.
  9775 | Lair:1   | Entered Level 1 of the Lair of Beasts
  9784 | Lair:1   | Noticed a catoblepas
  9796 | Lair:1   | Killed a catoblepas
  9797 | Lair:1   | Reached XP level 12. HP: 107/119 MP: 17/17
  9833 | Lair:1   | Noticed salammoniac's ghost (journeyman TrSh)
  9835 | Lair:1   | Found a transporter.
  9836 | Lair:1   | Found a bloodstained altar of Trog.
  9854 | Lair:1   | HP: 1/119 [cane toad (16)]
  9876 | Lair:1   | Found a transporter.
  9944 | Lair:1   | Found a dark tunnel.
 10042 | Volcano  | Entered a volcano
 10153 | Volcano  | Noticed a red draconian
 10166 | Volcano  | Killed a red draconian
 10171 | Volcano  | Reached skill level 10 in Invocations
 10290 | Volcano  | HP: 5/122 [salamander (13)]
 10415 | Volcano  | Reached ***** piety under Qazlal
 10427 | Volcano  | Noticed an orb of fire
 10444 | Volcano  | Noticed an orb of fire
 10498 | Volcano  | Identified the +3 hat of Xom, Leaping {Harm rC+ Str+4
                  | Slay+3}
 11325 | Lair:1   | Reached XP level 13. HP: 128/128 MP: 20/20
 11631 | Lair:2   | Reached skill level 13 in Unarmed Combat
 11668 | Lair:2   | Found a staircase to the Swamp.
 12347 | Lair:3   | Noticed Gastronok
 12362 | Lair:3   | Slain by a black mamba

Illustrated notes

Levels and vault maps discovered:
D:1:      wheals_arrival_linesprint, layout_basic
D:2:      layout_basic, uniq_robin
D:3:      layout_rooms, nicolae_overflow_hallway_of_the_gods, serial_shops,
          nicolae_shop_hallway_stairs, minmay_misc_feat_pillars,
          minmay_pentomino_pile, uniq_natasha
D:4:      layout_loops_corners, gammafunk_ghost_cemetery
D:5:      layout_basic, temple_doors_cd, uniq_pikel
D:6:      lemuel_slime, layout_loops_ring, serial_shops, shop, uniq_grinder,
          uniq_sigmund, uniq_duvessa
D:7:      layout_loops_ring, led_xom_imps, serial_shops,
          nicolae_shop_industrial_runoff, hangedman_decor_push,
          uniq_prince_ribbit1
D:8:      layout_rooms, doesnt_shop_hydraphobe
D:9:      layout_cross, nicolae_doodle_vault
D:10:     layout_stronghold, david_lair_generic, enter_trove_0
Temple:   regret_index_temple_sphere_string
Lair:1:   layout_long_grid, gammafunk_ghost_wrathful_warriors,
          nicolae_volcano_entry_two_sided, beast_lair_carwin_8
Lair:2:   layout_gridlike, minmay_swamp_entry_worms, serial_bayou_pond_e,
          chequers_serial_rivers_room_b, grunt_megastairs_2
Lair:3:   layout_hall_layers, guppyfry_snake_entry_garden,
          gauntlet_entry_generic, chequers_serial_rivers_small_3, uniq_gastronok

Skill      XL: |  1  2  3  4  5  6  7  8  9 10 11 12 13 |
---------------+----------------------------------------+-----
Fighting       | 1 2 3 4 5 6 7 8 9 |  9.3
Unarmed Combat | 1 2 3 4 5 7 8 10 11 12 13 | 13.2
Invocations    | 2 3 5 7 9 10 11 | 11.5
Shields        | 3 6 8 9 |  9.6
Dodging        | |  1.9
Stealth        | |  0.3
Evocations     | |  2.1

Action                     |  1- 3 |  4- 6 |  7- 9 | 10-12 | 13-15 || total
---------------------------+-------+-------+-------+-------+-------++-------
  Melee: Unarmed           |   112 |   129 |   251 |   495 |   111 ||  1098
         Club              |     7 |       |       |       |       ||     7
         Punch             |     1 |     3 |     6 |     2 |       ||    12
 Invoke: Upheaval          |       |       |       |     6 |       ||     6
         Elemental Force   |       |       |       |       |     1 ||     1
  Evoke: Wand              |     1 |     1 |       |     2 |       ||     4
    Use: Scroll            |       |    10 |    12 |     3 |     2 ||    27
         Potion            |       |       |     1 |     5 |     2 ||     8
   Stab: Sleeping          |     1 |     2 |       |       |       ||     3
         Petrified         |       |       |       |     2 |       ||     2
         Distracted        |       |       |       |       |     1 ||     1
 Armour: Robe              |    53 |    35 |    88 |   141 |    29 ||   346
  Dodge: Dodged            |   100 |    72 |   105 |   133 |    26 ||   436
         Repelled          |       |       |       |     1 |       ||     1
  Block: Other             |       |       |    10 |    21 |       ||    31
         Kite shield       |       |       |       |   275 |   130 ||   405

Table legend: (Time is in decaauts)
 A = Elapsed time spent in this place.
 B = Non-inter-level travel time spent in this place.
 C = Inter-level travel time spent in this place.
 D = Time resting spent in this place.
 E = Time spent auto-exploring this place.
 F = Levels seen in this place.
 G = Mean time per level.
                   A        B        C        D        E       F      G
               +--------+--------+--------+--------+--------+-----+--------+
         Total |  12239 |  11720 |    519 |   1146 |   7997 |  15 |  815.9 |
       Dungeon |   9528 |   9102 |    426 |    719 |   6539 |  10 |  952.8 |
        Temple |    162 |    137 |     25 |      0 |    123 |   1 |  162.0 |
          Lair |   1705 |   1639 |     66 |     82 |   1101 |   3 |  568.3 |
       Volcano |    843 |    843 |      0 |    345 |    234 |   1 |  843.0 |
               +--------+--------+--------+--------+--------+-----+--------+

Top non-repeatable levels by time:
    D:10: 1467 daAuts
     D:8: 1274 daAuts
     D:4: 1091 daAuts
     D:1: 1088 daAuts
     D:7: 970 daAuts
  Lair:1: 872 daAuts
     D:5: 864 daAuts
 Volcano: 843 daAuts
     D:6: 814 daAuts
  Lair:2: 791 daAuts
     D:9: 677 daAuts
     D:3: 642 daAuts
     D:2: 637 daAuts
  Temple: 162 daAuts
  Lair:3: 41 daAuts
